Map: Coda LE (Void)

Players

Javert - Winner!

  • Race: Zerg Zerg
  • League: Grandmaster

schh

  • Race: Zerg Zerg
  • League: Grandmaster

VOD

Have the link to the VOD?

Description

Time

  • Played on: June 25, 2015, 10:53 p.m.
  • Length: 10:11
Show
View Real Time Build Order
Export as new Build Order

Javert Zerg - Winner!

Build Orders: Hatch First 

Get SALT Encoding   

  12  0:02  Drone  
  13  0:09  Drone  
  14  0:17  Overlord  
  14  0:36  Drone x3  
  17  0:54  Hatchery  
  16  0:57  Drone  
  16  1:00  Extractor  
  16  1:05  Drone  
  17  1:13  Drone  
  18  1:23  Spawning Pool  
  18  1:25  Drone  
  18  1:30  Drone  
  19  1:41  Overlord  
  19  1:56  Drone  
  20  2:03  Drone  
  21  2:10  Queen  
  21  2:11  Queen  
  21  2:12  Metabolic Boost  
  21  2:15  Zergling x2  
  26  2:17  Zergling x2  
  27  2:26  Baneling Nest  
  27  2:27  Zergling x2  
  27  2:30  Zergling x2  
  28  2:41  Zergling x6  
  31  2:56  Zergling x6  
  34  3:03  Overlord  
  34  3:13  Baneling x3  
  34  3:20  Drone  
  34  3:21  Drone  
  34  3:26  Drone  
  34  3:27  Drone x5  
  39  3:34  Drone x2  
  44  3:41  Drone x2  
  39  3:47  Baneling x2  
  38  3:55  Drone  
  36  4:09  Drone x7  
  38  4:18  Overlord  
  38  4:24  Zergling x8  
  42  4:32  Spine Crawler  
  42  4:34  Zergling x4  
  43  4:43  Zergling x8  
  43  4:44  Zergling x4  
  48  5:08  Drone x2  
  48  5:09  Drone  
  49  5:35  Drone x2  
  43  5:46  Drone x3  
  43  5:47  Lair  
  46  5:55  Baneling  
  45  6:02  Drone x3  
  47  6:17  Extractor  
  47  6:18  Zergling x12, Extractor  
  45  6:19  Zergling x2  
  45  6:25  Hatchery, Roach Warren  
  50  6:26  Extractor  
  48  6:41  Evolution Chamber x2  
  48  6:45  Drone x3, Overlord x2  
  48  6:46  Overlord  
  49  6:53  Baneling x5  
  49  6:59  Drone x2  
  49  7:00  Overlord  
  47  7:40  Zerg Missile Weapons Level 1, Zerg Ground Armor Level 1, Glial Reconstitution  
  47  7:46  Overlord  
  47  7:48  Overlord  
  47  7:49  Overlord x2, Drone  
  47  7:50  Drone x10  
  58  8:03  Overlord x2  
  56  8:06  Roach x3  
  56  8:10  Roach  
  56  8:11  Roach x5  
  74  8:14  Roach  
  74  8:15  Roach x3  
  74  8:18  Overlord  
  82  8:24  Roach  
  84  8:32  Roach x3  
  84  8:33  Spine Crawler  
  89  8:38  Spore Crawler, Spine Crawler, Roach x2  
  90  8:51  Roach  
  90  8:52  Roach x5  
  90  8:54  Burrow  
  100  8:59  Roach x3  
  106  9:07  Roach  
  106  9:08  Roach x2  
  111  9:12  Queen  
  111  9:13  Spine Crawler  
  111  9:14  Drone  
  113  9:21  Overseer  
  113  9:23  Roach x2  
  117  9:32  Extractor  
  117  9:34  Extractor  
  113  9:41  Roach x6  
Show
View Real Time Build Order
Export as new Build Order

schh Zerg 

Build Orders: Pool First, Zergling Baneling 

Get SALT Encoding   

  12  0:01  Drone  
  13  0:08  Drone  
  14  0:17  Overlord  
  14  0:36  Drone x3  
  17  0:45  Spawning Pool  
  17  0:50  Drone  
  17  0:57  Extractor  
  17  0:59  Drone  
  17  1:13  Drone  
  18  1:27  Drone  
  18  1:29  Hatchery  
  18  1:37  Queen  
  20  1:44  Overlord  
  20  1:51  Zergling x2  
  20  1:53  Zergling x2  
  22  2:13  Drone x2  
  24  2:18  Baneling Nest, Pneumatized Carapace  
  23  2:27  Drone  
  24  2:41  Queen  
  24  2:42  Drone  
  27  2:52  Drone x4  
  27  2:53  Drone  
  32  3:01  Baneling  
  32  3:02  Baneling x3  
  32  3:08  Drone x2  
  32  3:10  Drone, Extractor  
  34  3:16  Overlord  
  34  3:23  Drone  
  34  3:26  Zergling x2  
  36  3:27  Zergling x2, Extractor  
  35  3:41  Zergling x4  
  36  3:42  Zergling x2  
  36  3:45  Zergling x4  
  37  3:48  Zergling x2  
  37  3:50  Zergling x2  
  31  4:06  Zergling x2  
  31  4:07  Zergling x4  
  21  4:15  Drone x3  
  21  4:16  Zergling x4  
  25  4:19  Queen  
  25  4:24  Zergling x2  
  28  4:27  Zergling x4  
  30  4:35  Baneling x4  
  30  4:37  Baneling  
  30  4:39  Drone  
  30  4:43  Zergling x2  
  32  5:06  Zergling x6  
  32  5:07  Zergling x4  
  32  5:12  Baneling x2  
  29  5:15  Queen  
  29  5:20  Spine Crawler  
  28  5:31  Drone x2  
  29  5:41  Zergling x2  
  29  5:42  Zergling x4  
  27  5:52  Zergling x2  
  28  6:00  Roach Warren  
  27  6:05  Drone x2  
  29  6:11  Drone  
  29  6:12  Drone x2  
  29  6:15  Drone  
  32  6:33  Drone x4  
  36  6:50  Overlord  
  36  6:51  Overlord  
  36  6:52  Overlord  
  36  6:55  Overlord  
  36  7:05  Lair  
  36  7:17  Roach x4  
  36  7:19  Roach x3  
  49  7:31  Roach x2  
  49  7:34  Roach x2  
  54  7:42  Drone x2  
  56  7:54  Roach x2  
  56  7:57  Drone  
  60  8:09  Roach x3  
  66  8:14  Roach  
  66  8:19  Overlord  
  68  8:30  Overlord  
  68  8:31  Overlord  
  64  8:54  Roach x3  
  62  8:56  Ravager x3  
  62  8:57  Drone x2  
  57  9:03  Roach x2  
  57  9:09  Hatchery  
  62  9:10  Roach  
  62  9:14  Roach  
  62  9:15  Roach  
  66  9:19  Roach  
  66  9:20  Roach  
  51  9:46  Roach x3  
Tags
 
Add a new tag
Caveats
  • Supply blocks, unpowered buildings, or Contaminate may cause inaccurate times.
  • Supply counts are checked every 10 seconds.